[Event "FIJ Cannes 2024"]
[Site "Cannes"]
[Date "2024.02.20"]
[Round "1.1"]
[White "Puranik, Abhimanyu"]
[Black "Mattenberger, Matthias"]
[Result "1-0"]
[ECO "B90"]
[WhiteElo "2645"]
[BlackElo "2221"]
[Annotator "TA"]
[PlyCount "65"]
[EventDate "2024.02.20"]
[EventType "swiss"]
[EventCountry "FRA"]
[SourceTitle "playchess.com"]
[Source "ChessBase"]
[SourceQuality "1"]
[TimeControl "40/5400+30:1800+30"]

1. e4 c5 2. Nf3 d6 3. d4 cxd4 4. Nxd4 Nf6 5. Nc3 a6 6. h3 e5 7. Nb3 Be6 8. Be3 h5 9. Qd2 Nbd7 {[%emt 0:00:30] The position is equal.} 10. O-O-O b5 11. Kb1 b4 (11... Rb8 $14) 12. Nd5 $16 a5 {[%emt 0:00:30] [#]} 13. Bb5 $1 Bxd5 14. exd5 Be7 15. Bc6 {[%emt 0:00:00] White is much more active.} Rb8 {[%emt 0:00:30] [#]} (15... O-O $16) 16. g4 $1 $18 Kf8 (16... O-O 17. Qe2) 17. f4 Ne4 18. Qg2 exf4 19. Bxf4 {[%emt 0:00:00] A strong pair of Bishops.} Ndc5 (19... Nec5 $142 20. Nd4 a4) 20. Rde1 a4 {[%emt 0:01:00] Black is weak on the light squares} 21. Nxc5 Nxc5 22. g5 b3 23. Re3 bxa2+ (23... bxc2+ $142 24. Qxc2 Bxg5) 24. Kxa2 Qb6 25. c4 Qb4 26. Qc2 {[%emt 0:00:00] Threatens to win with Rhe1.} g6 27. Rf1 {[%emt 0:01:00] Qe2 would now be deadly.} Rg8 $2 (27... Qb3+ 28. Qxb3 (28. Rxb3 $2 axb3+ 29. Kb1 bxc2+ $19) 28... Rxb3) 28. h4 {[%emt 0:00:30] Hoping for Qe2.} Rb6 $2 (28... Qb3+ 29. Qxb3 (29. Rxb3 $2 {is the wrong capture.} axb3+ 30. Kb1 bxc2+ $19) 29... Rxb3) 29. Rf2 $2 (29. Qe2) 29... Nb3 $2 (29... Qb3+ 30. Qxb3 (30. Rxb3 $2 {perishes.} axb3+ $19) 30... Rxb3 31. Rxe7 (31. Rxb3 axb3+ 32. Ka3 Nd3 $16) 31... Kxe7 32. Re2+ Kd8 33. Bxd6 Nd3) 30. Qe4 Nd2 31. Qxe7+ Kg7 {[%emt 0:00:30] [#]} 32. Be5+ $1 dxe5 (32... Kh7 33. Qxf7+) 33. Rxf7+ {[%emt 0:00:00] White took control after the opening.   Weighted Error Value: White=0.46/Black=0.53.  Mistake:       	White=1     	Black=7      Inaccurate:     	White=2     	Black=3      OK:         	White=10    	Black=4      Best:        	White=1     	Black=1      Strong:       	White=1     	---} 1-0

[Event "FIJ Cannes 2024"]
[Site "Cannes"]
[Date "2024.02.20"]
[Round "1.2"]
[White "Urbani, Gabriel"]
[Black "Zeng, Chongsheng"]
[Result "0-1"]
[ECO "B12"]
[WhiteElo "2199"]
[BlackElo "2597"]
[Annotator "RC"]
[PlyCount "138"]
[EventDate "2024.02.20"]
[EventType "swiss"]
[EventCountry "FRA"]
[SourceTitle "playchess.com"]
[Source "ChessBase"]
[SourceQuality "1"]
[TimeControl "40/5400+30:1800+30"]

1. e4 c6 2. d4 d5 3. e5 Bf5 4. h4 h5 5. Bd3 Bxd3 6. Qxd3 Qa5+ 7. Bd2 Qa6 8. e6 Qxd3 9. exf7+ Kxf7 10. cxd3 Nd7 11. Nf3 Nh6 12. Nc3 Nf5 13. Ne2 g6 14. Ng5+ Kf6 15. Bf4 Bh6 16. Be5+ Nxe5 17. dxe5+ Kg7 18. Nf4 Nd4 19. Nfe6+ Nxe6 20. Nxe6+ Kf7 21. Ng5+ Bxg5 22. hxg5 Ke6 23. f4 c5 24. Ke2 Rac8 25. Rac1 Kf5 26. Kf3 Rc6 27. Rhe1 e6 28. g3 Rhc8 29. b3 b5 30. Rc2 c4 31. dxc4 dxc4 32. Rec1 Rd8 33. bxc4 Rd3+ 34. Kf2 bxc4 35. Rxc4 Ra6 36. a4 Kg4 37. R1c3 Rxc3 38. Rxc3 Rxa4 39. Rc6 Kf5 40. Rc7 Ra2+ 41. Kf3 Ra3+ 42. Kf2 a5 43. Rc6 h4 44. gxh4 Rh3 45. Rc4 Rxh4 46. Kg3 Rh1 47. Ra4 Rg1+ 48. Kf2 Rb1 49. Rxa5 Kxf4 50. Ra4+ Kxg5 51. Ra8 Rb5 52. Kf3 Rxe5 53. Re8 Rf5+ 54. Kg3 Rf6 55. Re7 Kf5 56. Kf3 Rf8 57. Rg7 g5 58. Re7 e5 59. Rg7 e4+ 60. Kg3 Re8 61. Rf7+ Kg6 62. Rf2 e3 63. Re2 Kf5 64. Kf3 g4+ 65. Kg2 Kf4 66. Kf1 Rd8 67. Re1 Kf3 68. Kg1 e2 69. Kh2 g3+ 0-1

[Event "FIJ Cannes 2024"]
[Site "Cannes"]
[Date "2024.02.20"]
[Round "1.3"]
[White "Sasikiran, Krishnan"]
[Black "Rohit S"]
[Result "1-0"]
[ECO "E04"]
[WhiteElo "2586"]
[BlackElo "2174"]
[Annotator "TA"]
[PlyCount "83"]
[EventDate "2024.02.20"]
[EventType "swiss"]
[EventCountry "FRA"]
[SourceTitle "playchess.com"]
[Source "ChessBase"]
[SourceQuality "1"]
[TimeControl "40/5400+30:1800+30"]

1. d4 d5 2. c4 e6 3. Nf3 Nf6 4. g3 dxc4 5. Bg2 c6 6. Ne5 Bb4+ 7. Bd2 Be7 8. e3 O-O 9. Nxc4 {[%emt 0:05:17] White is slightly better.} Nbd7 10. O-O Qc7 11. e4 Nb6 (11... e5 $11) 12. Bf4 $14 Qd8 13. Nba3 Bxa3 14. Nxa3 Qe7 15. Qc2 Nfd7 16. Be3 Nf6 17. h3 Rd8 18. Rad1 Bd7 19. Qc5 Re8 20. f4 {[%emt 0:06:02] White is more active.} Rad8 21. b3 Bc8 22. Qa5 Bd7 23. g4 (23. Qxa7 Nbd5 24. exd5 Ra8 $16) 23... Nc8 (23... h6 $142 24. Bc1 (24. Qxa7 Nbd5 $16) 24... Ra8) 24. Nc4 $18 Nd5 25. Bc1 {[%emt 0:02:32][%cal Oc1a3] Black must now prevent Ba3!} Ndb6 26. Ne3 f5 27. gxf5 (27. exf5 exf5 28. Nxf5 Bxf5 29. Qxf5 Qh4 $16) 27... exf5 28. Nxf5 Bxf5 29. Qxf5 Nd6 30. Qg4 {[%emt 0:00:26] [#] f5 would now be deadly.} (30. Qe5 Qd7 $15) 30... h5 (30... Nxe4 $2 {loses.} 31. Rfe1 $18) 31. Qg6 Qf7 (31... Qf6 $16 {was worth a try.} 32. Qxf6 (32. Qxh5 Nxe4 33. Rd3 Nd5 $11) 32... gxf6) 32. Qxf7+ Kxf7 33. Rfe1 Rd7 34. a4 {[%emt 0:01:05][%cal Ba2a4,Ba4a5][%mdl 32] [#] Strongly threatening a5.} Rde7 35. e5 $36 {[%emt 0:00:36][%mdl 2048] Keeping Black busy.} Nf5 36. d5 (36. Ba3 $16 {[%cal Oa4a5] aiming for a5!} Re6 37. Be4) 36... cxd5 $2 {[%emt 0:00:40][%mdl 8192] This costs Black the game.} ({Better is} 36... Nxd5 $14 37. Kf2 (37. Bxd5+ cxd5 38. Rxd5 Ke6 $16) 37... g6) 37. a5 Nc8 38. Bxd5+ Kg6 {[%emt 0:00:23] Black is weak on the light squares} 39. Ba3 Rc7 40. Be4 {[%emt 0:00:09] A strong pair of Bishops.} Rc3 41. Kf2 {[%emt 0:30:29] Hoping for Rg1+.} Rxb3 42. Rg1+ {[%emt 0:00:30] Weighted Error Value: White=0.11 (very precise) /Black=0.49.  Loses game:     	---       	Black=1      Mistake:       	White=1     	Black=3      Inaccurate:     	---       	Black=4      OK:         	White=17    	Black=7      Best:        	---       	Black=5} 1-0

[Event "FIJ Cannes 2024"]
[Site "Cannes"]
[Date "2024.02.20"]
[Round "1.4"]
[White "Shukhman, Anna"]
[Black "Li, Di"]
[Result "0-1"]
[ECO "B09"]
[WhiteElo "2213"]
[BlackElo "2563"]
[Annotator "TA"]
[PlyCount "118"]
[EventDate "2024.02.20"]
[EventType "swiss"]
[EventCountry "FRA"]
[SourceTitle "playchess.com"]
[Source "ChessBase"]
[SourceQuality "1"]
[TimeControl "40/5400+30:1800+30"]

1. e4 g6 2. d4 Bg7 3. Nc3 d6 4. f4 Nf6 5. Nf3 O-O 6. Bd3 Na6 7. O-O c5 8. d5 Nc7 9. a4 b6 10. Bc4 e6 11. dxe6 Bxe6 12. Bxe6 fxe6 13. f5 gxf5 14. exf5 d5 15. Bg5 h6 16. Bf4 d4 17. Bxc7 $1 Qxc7 18. Nb5 Qf4 19. Qe1 Ng4 $1 (19... exf5 $2 20. Nfxd4 Qg4 21. h3 $18 (21. Nxf5 Rfe8 $16)) 20. Qxe6+ (20. fxe6 Ne3 21. Rf2 (21. e7 Rf7 $17) 21... Rae8 22. Nxa7 Rxe6 $17) 20... Kh8 21. Nd6 Qe3+ 22. Kh1 Rf6 23. Qd5 (23. Qd7 $5 Raf8 $8 24. Rae1 $11) 23... Raf8 24. Rae1 Qf4 25. Qe4 (25. Re6 $2 Ne3 26. Qc6 (26. g3 $2 Qg4 $19) 26... Nxf1 $19) 25... Qxe4 26. Nxe4 (26. Rxe4 $2 {too greedy.} Ne3 (26... Rxd6 27. Rxg4 Rxf5 28. Re1 $15) 27. Rxe3 dxe3 $19) 26... Rxf5 27. Ng3 Rd5 28. Re7 Ne3 29. Rf2 (29. Rc1 $5) 29... c4 30. Rd2 Rfd8 31. h3 Kg8 32. Nh5 Rxh5 33. Rxe3 Rhd5 34. Re4 a6 35. Kg1 b5 36. axb5 axb5 37. Kf2 (37. b3 $11 {remains equal.}) 37... d3 $17 38. cxd3 (38. c3 $17) 38... Rxd3 $19 39. Rde2 Rb3 40. Ne5 Rf8+ (40... Kh7 $19 41. h4 Rd5 42. Nxc4 bxc4 43. Rxc4 Bd4+ (43... Bxb2 $2 44. g4 $19) 44. Kf1 Rd7 (44... Bxb2 $2 45. g4 $19)) 41. Ke1 $17 Re8 42. g4 $2 (42. Kd1 $17) 42... Rxe5 $2 (42... Rxh3 $19 {White must now prevent ...Rh1+.} 43. Kd2 Kh7) 43. Rxe5 $17 Bxe5 44. Rxe5 Rxb2 ({Much weaker is} 44... Rxh3 $6 45. Rxb5 Rh4 46. Rb6 $11) 45. Re6 ({Better is} 45. Kd1) 45... c3 ({Black should play} 45... Kg7 $17 {And now ...b4 would win.} 46. Rb6 h5 47. gxh5 Rb3) 46. Rc6 $2 {[%emt 0:01:04][%mdl 8192] [#]} ({Only move:} 46. Kd1 $1 $15) 46... b4 $2 (46... Rb1+ $1 $19 {has better winning chances.} 47. Ke2 b4) 47. Kd1 $17 Rd2+ (47... Rf2 $17 {...b3 is the strong threat.} 48. Kc1 Rf3) 48. Kc1 $11 Kf7 (48... Kg7 $5) 49. h4 $2 (49. Rb6 $11) 49... Rd4 50. g5 $2 (50. Rb6) 50... h5 $19 ({Stronger than} 50... Rxh4 51. gxh6 Rh1+ 52. Kc2 $11) 51. Kc2 Rxh4 52. Kb3 Rg4 53. Rh6 h4 54. Ka4 Rc4 55. Rf6+ Kg7 56. Rf1 Kg6 57. Kb3 Re4 58. Rg1 h3 59. Rh1 Rh4 0-1

[Event "FIJ Cannes 2024"]
[Site "Cannes"]
[Date "2024.02.20"]
[Round "1.5"]
[White "Lemiere, Frederic"]
[Black "Schmit, Vincent"]
[Result "0-1"]
[ECO "A48"]
[WhiteElo "1830"]
[BlackElo "2202"]
[Annotator "RC"]
[PlyCount "80"]
[EventDate "2024.02.20"]
[EventType "swiss"]
[EventCountry "FRA"]
[SourceTitle "playchess.com"]
[Source "ChessBase"]
[SourceQuality "1"]
[TimeControl "40/5400+30:1800+30"]

1. d4 Nf6 2. Nf3 g6 3. c3 Bg7 4. Bf4 O-O 5. Nbd2 d6 6. e4 c5 7. dxc5 dxc5 8. Bc4 b6 9. Qe2 Bb7 10. h3 Nc6 11. Bh2 e6 12. O-O Qe7 13. Rfd1 Rfd8 14. Bf4 h6 15. Qe3 Kh7 16. Be2 Na5 17. Ne5 Nd7 18. Nec4 e5 19. Bg3 Nc6 20. Nf3 Nf8 21. Rxd8 Rxd8 22. Rd1 Rxd1+ 23. Bxd1 b5 24. Ncd2 Ne6 25. Bc2 h5 26. Qe2 a6 27. Nf1 Nf4 28. Qd1 Qd8 29. Ne3 Qxd1+ 30. Bxd1 Nd3 31. b3 f6 32. Kf1 b4 33. Nd5 Nc1 34. Ke1 Nxa2 35. c4 Kg8 36. Ke2 Kf7 37. Ne1 Nd4+ 38. Kf1 Nc1 39. f3 Bxd5 40. exd5 Ndxb3 0-1

[Event "FIJ Cannes 2024"]
[Site "Cannes"]
[Date "2024.02.20"]
[Round "2.1"]
[White "Raahul V S"]
[Black "Puranik, Abhimanyu"]
[Result "0-1"]
[ECO "A28"]
[WhiteElo "2356"]
[BlackElo "2645"]
[Annotator "TA"]
[PlyCount "68"]
[EventDate "2024.02.20"]
[EventType "swiss"]
[EventCountry "FRA"]
[SourceTitle "playchess.com"]
[Source "ChessBase"]
[SourceQuality "1"]
[TimeControl "40/5400+30:1800+30"]

1. c4 e5 2. Nc3 Nf6 3. Nf3 Nc6 4. e3 Bb4 5. Qc2 Bxc3 6. bxc3 d6 7. e4 $1 O-O 8. g3 h6 {[%emt 0:00:30] The position is equal.} 9. Bg2 Be6 10. d3 Nh7 11. Nh4 Ne7 12. O-O Qd7 13. Qe2 Rae8 14. d4 Qa4 15. d5 Bc8 16. g4 (16. c5 $11) 16... b6 17. Re1 Ba6 18. Bf1 c6 19. Qd1 Qa5 (19... Qxd1 $15 20. Rxd1 cxd5) 20. Qb3 (20. dxc6 $1 $14 Nxc6 21. Re3) 20... cxd5 $11 21. exd5 {[%emt 0:00:00] Ba3 would now be deadly.} Qc5 22. Ba3 Qc7 (22... Qc8 $1 $11 23. h3 Qd7) 23. c5 $1 $36 {[%emt 0:00:00][%mdl 2048] Black is under strong pressure.} bxc5 24. Bxa6 $18 Rb8 {[%emt 0:00:30] [#]} 25. Qc2 Nxd5 26. Bf1 Ng5 27. Bc1 Ne6 28. Bc4 Nf6 29. Qf5 d5 30. Bb3 ({Only move:} 30. Bf1 $18) 30... Qa5 {[%emt 0:00:30] ...Rxb3 is the strong threat.} 31. Bxh6 (31. Qxe5 Rxb3 (31... Nxg4 32. Qxd5 Qxc3 33. Be3 $16) 32. g5 Ng4 (32... Rxc3 $2 33. gxf6 Rh3 34. fxg7 $18) 33. axb3 Qxa1 $11) (31. Rxe5 Qxc3 (31... Rxb3 32. Rxe6 fxe6 33. Qxe6+ Rf7 34. Qc8+ Kh7 35. g5 $11) 32. Rb1 Nd4 $17) 31... Qxc3 {[%emt 0:00:30] [#]} (31... c4 $16) 32. Rac1 $4 ({Inferior is} 32. Qxe5 Qxe5 33. Rxe5 gxh6 $17) (32. Be3 $1 $18) 32... Qh3 $19 33. g5 (33. Qxe5 Qxh4 34. Bd2) 33... Ng4 (33... Qxh4 34. gxf6 Nd4 (34... gxh6 35. Bxd5 Kh8 36. Bxe6 $18) 35. Bg5 Nxf5 36. Bxh4 $11) 34. Bxd5 Nd4 {[%emt 0:00:00] Weighted Error Value: White=0.82/Black=0.25 (precise) .  Missed win:     	White=1     	---        Mistake:       	White=4     	Black=4      Inaccurate:     	White=1     	Black=1      OK:         	White=11    	Black=9      Best:        	White=3     	Black=3      Strong:       	White=2     	---} 0-1

[Event "FIJ Cannes 2024"]
[Site "Cannes"]
[Date "2024.02.20"]
[Round "2.2"]
[White "Zeng, Chongsheng"]
[Black "Kacprzak, Karol"]
[Result "1-0"]
[ECO "B90"]
[WhiteElo "2597"]
[BlackElo "2322"]
[Annotator "TA"]
[PlyCount "71"]
[EventDate "2024.02.20"]
[EventType "swiss"]
[EventCountry "FRA"]
[SourceTitle "playchess.com"]
[Source "ChessBase"]
[SourceQuality "1"]
[TimeControl "40/5400+30:1800+30"]

1. e4 c5 2. Nf3 d6 3. d4 cxd4 4. Nxd4 Nf6 5. Nc3 a6 6. f3 e5 7. Nb3 Be6 8. Be3 h5 9. Be2 Nbd7 10. f4 Qc7 11. f5 {[%emt 0:14:35] The position is equal.} Bc4 12. a4 Rc8 (12... d5 $11 13. Nxd5 (13. exd5 Bb4 $17) 13... Bxd5 14. exd5 Nb6) 13. Bxc4 $1 $14 Qxc4 14. a5 $1 Be7 (14... Nxe4 $2 15. Ra4 Qc6 16. Rxe4 $18) 15. Ra4 Qc7 16. O-O b5 17. axb6 Nxb6 18. Bxb6 Qxb6+ 19. Kh1 h4 20. h3 Rxc3 21. bxc3 {[%emt 0:00:21] Qf3 is the strong threat.} Qc6 22. Qa1 Nxe4 23. Rxa6 Ng3+ 24. Kg1 Qc4 {[%emt 0:03:01] [#]} 25. f6 (25. Ra8+ Bd8 $11) ({Better is} 25. Rf2 $1 $14) 25... gxf6 (25... Qxf1+ 26. Qxf1 Nxf1 27. fxe7 Kxe7 28. Kxf1 $18) (25... Nxf1 $11 26. Na5 (26. fxe7 Ne3 $11) (26. fxg7 Rg8 $11) 26... Qf4 (26... Qxa6 27. Qa4+ Kf8 28. fxe7+ Kxe7 29. Nc6+ $16) 27. fxg7 Rg8 28. Ra8+ Kd7 (28... Bd8 $2 29. Nc6 $18) 29. Rxg8 Qh2+ 30. Kxf1 (30. Kf2 Qf4+ 31. Kg1 Qh2+ 32. Kxf1 Qh1+ 33. Kf2 Qxa1 $11) 30... Qh1+ 31. Kf2 Qxa1) 26. Ra8+ (26. Re1 $1 $14 Ne2+ 27. Kh1 Ng3+ 28. Kh2) 26... Bd8 $132 {[%emt 0:00:11][%mdl 2048] Black is not holding back} 27. Rxf6 Ke7 28. Rf3 $1 {[%emt 0:00:21] aiming for Qa7+.} (28. Rf2 $2 Bb6 29. Ra7+ (29. Rxh8 $2 Ne2+ 30. Kf1 Nf4+ 31. Kg1 Bxf2+ 32. Kh1 Ne2 $19) 29... Kf8 $17 (29... Bxa7 30. Qxa7+ Kf8 31. Qb8+ Kg7 32. Qxd6 $14) (29... Ke6 30. Nd4+ exd4 31. Rb7 $11) (29... Bxa7 30. Qxa7+ Kf8 31. Qb8+ Kg7 32. Qxd6 $11) (29... Ke6 30. Nd4+ exd4 31. Qe1+ Kd5 32. Rb7 $17)) 28... Bb6+ 29. Kh2 Rxa8 30. Qxa8 {[%emt 0:00:08] Na5 would now be deadly.} e4 31. Qb7+ {[%emt 0:03:04] [#]} (31. Rf4 $1 $11 {keeps the balance.} Bg1+ (31... Qxc3 $2 {is the wrong capture.} 32. Qb7+ Qc7 33. Qd5 $16) 32. Kxg1 Ne2+ (32... Qxc3 $2 {too greedy.} 33. Qb7+ Kd8 34. Rxe4 $18) 33. Kh2 Nxf4 34. Nd2 Qxc3 35. Qxe4+ Qe5 36. Qb7+ Kf8 37. Nf3) 31... Bc7 $2 {[%emt 0:00:20][%mdl 8192] Loses the game.} (31... Qc7 $1 $17 {[%cal Rc7b7] and life is bright.} 32. Qxc7+ Bxc7) 32. Nd2 {[%emt 0:02:10] White is clearly winning.} Qc5 33. Nxe4 Nxe4 34. Qxe4+ Kf8 {[%emt 0:00:10] White must now prevent ...d5+.} 35. Qxh4 d5+ 36. Kh1 {[%emt 0:00:36] Weighted Error Value: White=0.17 (very precise) /Black=0.31.  Loses game:     	---       	Black=1      Mistake:       	White=3     	Black=2      Inaccurate:     	White=2     	Black=2      OK:         	White=7     	Black=12     Best:        	White=4     	Black=2      Strong:       	White=3     	---} 1-0

[Event "FIJ Cannes 2024"]
[Site "Cannes"]
[Date "2024.02.20"]
[Round "2.3"]
[White "Breuil, Tristan"]
[Black "Sasikiran, Krishnan"]
[Result "0-1"]
[ECO "C84"]
[WhiteElo "2258"]
[BlackElo "2586"]
[Annotator "TA"]
[PlyCount "127"]
[EventDate "2024.02.20"]
[EventType "swiss"]
[EventCountry "FRA"]
[SourceTitle "playchess.com"]
[Source "ChessBase"]
[SourceQuality "1"]
[TimeControl "40/5400+30:1800+30"]

1. e4 e5 2. Nf3 Nc6 3. Bb5 a6 4. Ba4 Nf6 5. O-O Be7 6. d3 b5 7. Bb3 d6 8. c3 O-O 9. a4 b4 10. a5 bxc3 11. bxc3 Rb8 12. Nbd2 h6 13. Re1 Re8 14. Bc4 Bf8 15. h3 Na7 16. d4 Nb5 17. Qc2 exd4 18. cxd4 (18. Nxd4 Nxd4 19. cxd4 d5 $17) 18... d5 19. Bxb5 Rxb5 20. e5 Ne4 21. Nxe4 dxe4 22. Qxe4 Bb7 23. Qg4 Re6 24. Qf4 Bb4 25. Bd2 (25. Rd1 $15) 25... Bxf3 $1 $17 26. Bxb4 (26. gxf3 $17 Bxd2 27. Qxd2 Rexe5 28. Rxe5 Rxe5 29. Qf4 Rg5+ 30. Kh2) 26... Bxg2 $19 (26... Rxb4 27. Qxf3 Rxd4 28. Rac1 $17) 27. Bd2 Rg6 $1 (27... Bxh3 28. Kh2 $11) 28. Kh2 Bd5 ({Black should play} 28... Rb3 $1 $17 29. Re3 Bb7) 29. Rg1 $15 Rb3 30. Be3 $1 Bb7 (30... Kh8 $15) 31. Rxg6 fxg6 32. e6 (32. Rg1 {simplifies} Qe8 33. Qg4 Kh7 34. Rc1) 32... Qe7 (32... Qd5 $15 33. Qf7+ (33. Qxc7 $2 Qg2#) 33... Kh7) 33. Rg1 (33. Qf7+ $11 Qxf7 34. exf7+ Kxf7 35. Rc1) 33... Qxe6 $17 34. Qxc7 (34. Qe5 $17 Qf7 35. Rc1) 34... Rb5 $19 35. d5 Bxd5 (35... Rxd5 $2 36. Qxb7 Qd6+ 37. Kg2 $18) 36. Bd4 {[%emt 0:00:45] [#]} (36. Re1 $142 Rb7 37. Qd8+ Kh7 38. Qh4 Qd6+ 39. Qg3) 36... Rb7 $1 $19 37. Qe5 {[%emt 0:00:09] [#]} Qf7 $1 38. Re1 Kh7 39. Be3 Qf3 40. Qg3 Qf7 $2 (40... Qe4 $19 {...Rf7 would now be deadly.} 41. Qg4 Qe5+ 42. Qg3 Qc3) 41. Qf4 $2 (41. Qe5 $1 $11 {and White stays safe.} Re7 42. Qg3) 41... Qe6 42. Qg4 Qd6+ 43. Qf4 Qa3 44. Rc1 (44. Qe5 $142 Qxa5 45. Ra1) 44... Rf7 $19 (44... Qxa5 45. Qd6 Be4 46. Qc5 $19) 45. Qd4 Bb7 (45... Qxa5 $2 {is the wrong capture.} 46. Rc5 Qd8 47. Rxd5 (47. Qxd5 Qb8+ 48. Qe5 Qf8 $18) 47... Qb8+ 48. Kg1 $18) 46. Ra1 Qb3 47. Rg1 Qa2 48. Qb6 Qc2 49. Qc5 Qe4 50. Qd4 Qe6 51. Qg4 Qc6 52. Rc1 $2 (52. Qd4) 52... Rxf2+ $19 53. Bxf2 Qxc1 54. Bb6 Qc2+ $2 (54... h5 55. Qg1 Qf4+ 56. Qg3 Qe4) 55. Kg1 $19 g5 56. Qg3 Qd1+ 57. Kf2 Qd2+ 58. Kg1 Be4 59. Qf2 Qd7 60. Qd4 Qf5 (60... Qxh3 $2 {loses.} 61. Qxe4+ Kg8 62. Qa8+ Kh7 63. Qxa6 $18) 61. Qe3 Bd5 62. Bd4 Qb1+ 63. Kf2 Qa2+ 64. Kf1 0-1

[Event "FIJ Cannes 2024"]
[Site "Cannes"]
[Date "2024.02.20"]
[Round "2.4"]
[White "Li, Di"]
[Black "Hercegovac, Neven"]
[Result "1-0"]
[ECO "B36"]
[WhiteElo "2563"]
[BlackElo "2301"]
[Annotator "TA"]
[PlyCount "111"]
[EventDate "2024.02.20"]
[EventType "swiss"]
[EventCountry "FRA"]
[SourceTitle "playchess.com"]
[Source "ChessBase"]
[SourceQuality "1"]
[TimeControl "40/5400+30:1800+30"]

1. Nf3 c5 2. c4 g6 3. e4 Nc6 4. d4 cxd4 5. Nxd4 Nf6 6. Nc3 d6 7. Be2 Nxd4 8. Qxd4 Bg7 9. Bg5 O-O 10. Qe3 Be6 11. O-O Qa5 12. Rac1 Rfc8 13. b3 a6 14. Bf3 Rab8 15. Nd5 Bxd5 16. exd5 Re8 17. Rc2 Nd7 18. Bg4 (18. Bxe7 $2 Bf6 19. Qf4 (19. b4 $2 Qxb4 20. Bxd6 Qxd6 $19) 19... Bxe7 $19 (19... Rxe7 $2 20. Qxd6 Rbe8 21. a3 $19)) 18... Ne5 19. Be2 Nd7 20. Rb1 (20. Bxe7 $2 Bf8 21. h4 (21. b4 $2 Qxb4 22. Bxd6 Bxd6 $19) 21... Rxe7 $19 (21... Bxe7 $2 22. h5 $19)) 20... Qb4 21. Qd2 (21. Bxe7 $2 {too greedy.} Bf8 22. Qf4 (22. a3 $2 Qxa3 23. Qf4 Rxe7 $19) 22... Rxe7 $19 (22... Bxe7 $2 23. g3 $19)) 21... Qxd2 22. Bxd2 Bd4 23. Kf1 Rec8 24. Rbc1 Rc7 25. g4 b6 26. h4 a5 27. Rd1 Bg7 28. g5 Ra8 29. Be3 b5 30. c5 $1 Nxc5 31. Bxb5 Rb8 32. a4 Na6 ({Black should try} 32... Rcb7 $14) 33. Rcc1 $2 (33. Rc6 $18 Rxc6 34. dxc6) 33... Rxc1 $14 34. Rxc1 Nb4 35. Bd2 $1 Bd4 36. Bxb4 axb4 37. Rc7 Kf8 38. Bc6 Bb6 39. Rd7 Bd8 (39... Rc8 {was called for.} 40. Rb7 Bc5) 40. Ke2 $18 Bb6 41. f4 Rc8 42. Rb7 Bc5 {[%emt 0:00:20] [#]} 43. Kd3 $1 e6 $2 (43... f6 44. gxf6 (44. a5 Ra8 $18) 44... exf6 45. Rxh7 Kg8) 44. Bd7 $18 Rd8 (44... Ra8 $142 45. dxe6 fxe6 46. Bxe6 Re8 47. Rf7+ Kg8) 45. dxe6 $18 fxe6 46. Bxe6 Re8 47. Rf7+ Kg8 48. Re7+ Kf8 {[%emt 0:00:02] [#]} 49. Rxe8+ $1 Kxe8 50. a5 Bf2 51. a6 Kd8 52. Ke2 Bc5 53. Bg8 Ke7 54. Bxh7 Kf7 55. f5 gxf5 56. Bxf5 1-0

[Event "FIJ Cannes 2024"]
[Site "Cannes"]
[Date "2024.02.20"]
[Round "2.5"]
[White "Schmit, Vincent"]
[Black "Liu, Paul"]
[Result "1/2-1/2"]
[ECO "B33"]
[WhiteElo "2202"]
[BlackElo "1892"]
[Annotator "RC"]
[PlyCount "37"]
[EventDate "2024.02.20"]
[EventType "swiss"]
[EventCountry "FRA"]
[SourceTitle "playchess.com"]
[Source "ChessBase"]
[SourceQuality "1"]
[TimeControl "40/5400+30:1800+30"]

1. e4 c5 2. Nf3 Nc6 3. d4 cxd4 4. Nxd4 Nf6 5. Nc3 e5 6. Ndb5 d6 7. Bg5 a6 8. Na3 b5 9. Nd5 Be7 10. Bxf6 Bxf6 11. c3 O-O 12. Nc2 Rb8 13. a4 bxa4 14. Ncb4 Nxb4 15. cxb4 Bb7 16. Rxa4 Qc8 17. Ra1 Bxd5 18. Qxd5 Rxb4 19. Bxa6 1/2-1/2

[Event "FIJ Cannes 2024"]
[Site "Cannes"]
[Date "2024.02.20"]
[Round "2.6"]
[White "Paoli, Noel"]
[Black "Roberts, Tallulah"]
[Result "0-1"]
[ECO "D00"]
[WhiteElo "1212"]
[BlackElo "1488"]
[Annotator "NA"]
[PlyCount "56"]
[EventDate "2024.02.20"]
[EventType "swiss"]
[EventCountry "FRA"]
[SourceTitle "playchess.com"]
[Source "ChessBase"]
[SourceQuality "1"]
[TimeControl "40/5400+30:1800+30"]

1. d4 d5 2. Bf4 Nf6 3. e3 c5 4. c3 Nc6 5. h3 Qb6 6. Qb3 c4 7. Qxb6 axb6 8. Bc7 b5 9. a3 b4 10. Nd2 bxc3 11. bxc3 Bf5 12. Bb6 e6 13. a4 Bd6 14. Ngf3 Nd7 15. Bc5 Nxc5 16. dxc5 Bxc5 17. Be2 Bc2 18. O-O Bxa4 19. Rfb1 b6 20. Nd4 Kd7 21. N2f3 f6 22. Rb2 Rhb8 23. Rba2 b5 24. Nxb5 Rxb5 25. Rxa4 Rxa4 26. Rxa4 Rb3 27. Nd4 Rxc3 28. Bg4 Nxd4 0-1

[Event "FIJ Cannes 2024"]
[Site "Cannes"]
[Date "2024.02.20"]
[Round "3.1"]
[White "Puranik, Abhimanyu"]
[Black "Godena, Michele"]
[Result "1-0"]
[ECO "A21"]
[WhiteElo "2645"]
[BlackElo "2440"]
[Annotator "TA"]
[PlyCount "69"]
[EventDate "2024.02.20"]
[EventType "swiss"]
[EventCountry "FRA"]
[SourceTitle "playchess.com"]
[Source "ChessBase"]
[SourceQuality "1"]
[TimeControl "40/5400+30:1800+30"]

1. c4 e5 2. Nc3 Bb4 3. Nd5 Be7 4. Nf3 e4 5. Nd4 c6 6. Nxe7 Nxe7 7. e3 d5 8. d3 {[%emt 0:00:30] The position is equal.} c5 9. Nb5 {[%emt 0:00:30] And now dxe4 would win.} exd3 10. Bxd3 {[%emt 0:00:30] next cxd5 is good for White.} a6 11. Nc3 {[%emt 0:00:30] [#] Hoping for cxd5.} dxc4 12. Bxc4 Qxd1+ 13. Nxd1 b5 14. Be2 Bb7 (14... Nbc6 $11) 15. f3 Nd7 16. Bd2 O-O 17. Nf2 (17. b3 $16) 17... Rfe8 18. O-O-O Nf5 19. Rhe1 Ne5 20. Bf1 Rad8 21. e4 Nd4 22. Be3 b4 (22... Nc4 $14) 23. Kb1 (23. b3 {is interesting.} a5 24. Kb2 Kf8 25. Rc1) 23... f6 24. Rd2 Ne6 25. Red1 Rxd2 26. Rxd2 a5 27. Rd6 g5 28. b3 Kf7 29. Nd3 Nxd3 30. Bxd3 {[%emt 0:00:30] aiming for Bc4.} Re7 $2 {[%emt 0:00:30] [#]} (30... Ke7 {was worth a try.} 31. Rb6 Bc8) 31. Bc4 $18 Bc8 32. Bxc5 Kg6 33. Bb6 {[%emt 0:00:30] White is clearly winning.} f5 34. Bxa5 {[%emt 0:00:30] A strong pair of Bishops.} fxe4 35. fxe4 {[%emt 0:00:30] Weighted Error Value: White=0.11 (very precise) /Black=0.27 (precise) .  Mistake:       	White=1     	Black=3      Inaccurate:     	White=3     	Black=4      OK:         	White=8     	Black=8      Best:        	White=1     	Black=2} 1-0